[Event "*** Titled Tuesday 3|2 Blitz"]
[Site "Chess.com"]
[Date "2015.02.24"]
[Round "7"]
[White "Schemato"]
[Black "Aragon"]
[Result "1-0"]
[WhiteElo "2072"]
[BlackElo "2036"]
[TimeControl "180+2"]
[EndTime "12:30:33 PST"]
[Termination "Schemato won by resignation"]

1. c4 e5 2. g3 Nf6 3. Bg2 d5 4. cxd5 Nxd5 5. Nf3 Nc6 6. O-O Be7 7. d4 e4 8. Ne5 f5 9. Nxc6 bxc6 10. Nc3 O-O 11. Qa4 Qd6 12. Nxd5 cxd5 13. Bf4 Qb6 14. Rab1 g5 15.
Be5 Bd6 16. Bxd6 cxd6 17. Rfc1 Bb7 18. e3 Rac8 19. Bh3 Bc6 20. Qa3 Bd7 21. b3 h5 22. Rxc8 Rxc8 23. Rc1 Rc7 24. Qb2 Kg7 25. Rc3 Kf6 26. Qc2 Rxc3 27. Qxc3 Be6 28. Bf1 a5 29.
Qc2 f4 30. Qe2 f3 31. Qa6 Qb4 32. Qa8 Qe1 33. Qd8+ Kf7 34. Qxg5 Bg4 35. h3 Be6 36.
Qxh5+ Ke7 37. g4 Qd2 38. Qh7+ Kd8 39. Qh8+ Kc7 40. Qg7+ Bd7 41. h4 Kc6 42. h5 Qxa2 43. h6 Qxb3 44. h7 Bxg4 45. Qxg4 a4 46. Qc8+ 1-0

[Event "*** Titled Tuesday 3|2 Blitz"]
[Site "Chess.com"]
[Date "2015.02.24"]
[Round "7"]
[White "VerdeNotte"]
[Black "igorkovalenko"]
[Result "0-1"]
[WhiteElo "2499"]
[BlackElo "2481"]
[TimeControl "180+2"]
[EndTime "12:30:34 PST"]
[Termination "igorkovalenko won by resignation"]

1. e4 c6 2. Nc3 d5 3. Nf3 Nf6 4.
Qe2 Bg4 5. d3 e6 6. Bd2 Na6 7.
h3 Bxf3 8. Qxf3 Be7 9. g4 O-O 10.
a3 Nc5 11. e5 Nfd7 12. d4 Na6 13. b4 Nc7 14. Bd3 a5 15. Rb1 axb4 16. axb4 b5 17. h4 f6 18. g5 f5 19. Ne2 Qe8 20. Nf4 Nb6 21. Rg1 Ra3 22. Bc1 Ra4 23. c3 Nc4 24. Nh5 Kh8 25. Kf1 Ra2 26. Nf6 gxf6 27. gxf6 Rg8 28.
Rxg8+ Kxg8 29. Qg3+ Qg6 30. Qxg6+ hxg6 31. fxe7 Kf7 32.
Bg5 Nd2+ 33. Bxd2 Rxd2 34. Be2 Ra2 35. h5 gxh5 36. Bxh5+ Kxe7 37. Rc1 Na8 38. Kg2 Nb6 39. Rg1 Na4 40. Kh3 Nxc3 41. Rg7+ Kd8 42. Bf7 Ne2 43. Kh4 Nxd4 44. Kg5 Rxf2 45. Kf6 Rh2 46. Rg8+ Kc7 47. Rg7 Kb6 48. Ke7 Rh6 49. Rg8 f4 50.
Kd7 Rh7 51. Rb8+ Ka7 52. Rf8 f3 53. Kc8 Kb6 54. Kb8 f2 55. Bg6 Rb7+ 56. Ka8 Ra7+ 57. Kb8 Rg7 58. Bd3 c5 59. bxc5+ Kxc5 60. Rxf2 Nc6+ 61.
Kc8 Kb6 0-1

[Event "*** Titled Tuesday 3|2 Blitz"]
[Site "Chess.com"]
[Date "2015.02.24"]
[Round "7"]
[White "tigrangharamian"]
[Black "megarompa"]
[Result "0-1"]
[WhiteElo "2524"]
[BlackElo "2659"]
[TimeControl "180+2"]
[EndTime "12:30:44 PST"]
[Termination "megarompa won by resignation"]

1. e4 c5 2. Nf3 e6 3. d4 cxd4 4.
Nxd4 Nf6 5. Nc3 Nc6 6. Nxc6 bxc6 7.
e5 Nd5 8. Ne4 f5 9. exf6 Nxf6 10. Nd6+ Bxd6 11. Qxd6 Ba6 12. Bxa6 Qa5+ 13. b4 Qxa6 14.
Bb2 Nd5 15. O-O-O O-O-O 16. Rd3 Qb5 17. Be5 Kb7 18. a3 Ka8 19. g3 Rhf8 20. f4 Rf7 21. Re1 Rc8 22. Re4 Nb6 23. Qc5 d5 24. Re1 Qxc5 25.
bxc5 Nc4 26. Bd4 Re8 27. Re2 g6 28. Rd1 Kb7 29. Rde1 Nxa3 30. Rxe6 Rxe6 31. Rxe6 Nc4 32. Re8 g5 33. Be5 gxf4 34. Bxf4 a5 35. Kb1 a4 36. Ka2 Ka6 37. Rb8 h5 38. Rb4 Ka5 39.
Rb8 Re7 40. Rh8 Re2 41. Rxh5 Rxc2+ 42. Kb1 Na3+ 43. Ka1 Re2 44. Bc1 Nb5 45. Bb2 a3 46. Bf6 Ka4 47. Re5 Rf2 48. Bg7 Kb3 49. Re3+ Kc4 50. h4 d4 51. Re4 Kb3 52. Re1 Ra2+ 0-1

[Event "*** Titled Tuesday 3|2 Blitz"]
[Site "Chess.com"]
[Date "2015.02.24"]
[Round "7"]
[White "Zlatan56"]
[Black "Kacparov"]
[Result "0-1"]
[WhiteElo "2476"]
[BlackElo "2451"]
[TimeControl "180+2"]
[EndTime "12:31:11 PST"]
[Termination "Kacparov won by resignation"]

1. Nf3 c5 2. g3 Nc6 3. Bg2 g6 4.
O-O Bg7 5. c3 Nf6 6. d4 cxd4 7.
cxd4 d5 8. Ne5 O-O 9. Nxc6 bxc6 10. Nc3 Rb8 11. b3 Ba6 12. Bf4 Rc8 13. Rc1 Nd7 14.
Na4 Bb5 15. Nc3 Ba6 16. Qd2 e5 17. dxe5 Nxe5 18. Rfd1 Qe7 19. Bg5 Qe6 20. Bh6 d4 21. Ne4 Bxh6 22. Qxh6 Ng4 23. Qf4 Bxe2 24. Rxd4 Rfd8 25.
Rxd8+ Rxd8 26. Re1 Rd1 27. Rxd1 Bxd1 28. Qb8+ Kg7 29. Qxa7 Bc2 30. Qd4+ f6 31. h3 Ne5 32. Nc5 Qe7 33. f4 Nf7 34. Kh2 h5 35. a4 h4 36. g4 Qe1 37. Nd7 Qg3+ 38. Kg1 Qe1+ 39. Bf1 Qg3+ 40. Kh1 Qe1 41. Kg1 Qg3+ 42. Bg2 Qe1+ 43.
Kh2 Qg3+ 44. Kh1 Qe1+ 45. Qg1 Qd2 46. Nc5 g5 47. f5 Ne5 48. Ne6+ Kh6 49. a5 Qxa5 50.
Qc1 Qc3 51. Qa3 Qe1+ 52. Kh2 Qg3+ 53. Kh1 Qe1+ 54. Kh2 Nf3+ 55. Bxf3 Qg3+ 56. Kh1 Qxf3+ 57. Kg1 Qg3+ 0-1

[Event "*** Titled Tuesday 3|2 Blitz"]
[Site "Chess.com"]
[Date "2015.02.24"]
[Round "7"]
[White "Gevorg_Harutjunyan"]
[Black "GMNeiksans"]
[Result "1-0"]
[WhiteElo "2518"]
[BlackElo "2494"]
[TimeControl "180+2"]
[EndTime "12:31:11 PST"]
[Termination "Gevorg_Harutjunyan won on time"]

1. e4 c5 2. Nc3 Nc6 3. Nf3 Nf6 4.
Bb5 Nd4 5. e5 Nxb5 6. Nxb5 Nd5 7.
Ng5 h6 8. Nxf7 Kxf7 9. Qf3+ Nf6 10. exf6 gxf6 11. Qh5+ Kg8 12. a4 a6 13. Nc3 e6 14. d3 d5 15. h4 Bd7 16. Rh3 Qe8 17. Rg3+ Kh7 18. Qf3 Qf7 19. Bf4 Rg8 20. h5 Rxg3 21.
Bxg3 Bg7 22. O-O-O b5 23. a5 b4 24. Ne4 Bb5 25. Nxc5 Rc8 26. d4 f5 27. Re1 Bxd4 28.
Nxe6 Bh8 29. Nc7 Bc4 30. Kb1 Kg8 31. Bd6 Bg7 32. Qg3 Qf6 33. Be5 Qg5 34. Qxg5 hxg5 35. Bxg7 Kxg7 36. Re7+ Kf6 37. Rh7 b3 38. cxb3 Bxb3 39.
Nxa6 d4 40. Nb4 d3 41. Rd7 Re8 42. Nxd3 Re2 43. a6 Rd2 44. a7 Rd1+ 45. Nc1 Rxd7 46.
a8=Q 1-0

[Event "*** Titled Tuesday 3|2 Blitz"]
[Site "Chess.com"]
[Date "2015.02.24"]
[Round "7"]
[White "Nouki"]
[Black "jcibarra"]
[Result "0-1"]
[WhiteElo "2636"]
[BlackElo "2517"]
[TimeControl "180+2"]
[EndTime "12:31:16 PST"]
[Termination "jcibarra won by resignation"]

1. d4 Nf6 2. c4 d6 3. Nc3 e5 4. d5 Nbd7 5. e4 Nc5 6. Bd3 a5 7.
Bc2 Be7 8. Nge2 Nfd7 9. O-O Bg5 10. b3 O-O 11. a3 h6 12. Bxg5 hxg5 13. b4 axb4 14.
axb4 Rxa1 15. Qxa1 Na6 16. Qa5 g6 17. Bd3 c5 18.
dxc6 Qxa5 19. bxa5 bxc6 20. Rb1 Ndc5 21. Nc1 Be6 22.
Bf1 Rb8 23. Rxb8+ Nxb8 24. f3 Kf8 25. Kf2 Ke7 26. Ke3 Kd8 27. N3a2 Kc7 28. Nb4 Nba6 29. Nxa6+ Nxa6 30. Nb3 c5 31. g3 Nb4 32. f4 gxf4+ 33. gxf4 Nc2+ 34. Kd2 Nd4 35. Nxd4 exd4 36. h4 f6 37. Bd3 Bf7 38. Bc2 Bxc4 39. e5 f5 40. Ba4 dxe5 41. fxe5 f4 42. Bd1 Bd5 43. a6 c4 44. a7 Kb7 45. Ba4 Kxa7 46. Be8 Be4 47. e6 c3+ 48. Kc1 d3 49. e7 d2+ 50.
Kd1 Bf3+ 51. Kc2 d1=Q+ 0-1

[Event "*** Titled Tuesday 3|2 Blitz"]
[Site "Chess.com"]
[Date "2015.02.24"]
[Round "7"]
[White "1stSecond"]
[Black "AnthonyWirig"]
[Result "1-0"]
[WhiteElo "2390"]
[BlackElo "2519"]
[TimeControl "180+2"]
[EndTime "12:31:18 PST"]
[Termination "1stSecond won by resignation"]

1. d4 Nf6 2. c4 Nc6 3. Nf3 d6 4. Nc3 e5 5. g3 Bg4 6. d5 Ne7 7. Qb3 Qc8 8. Nd2 Nd7 9. f3 Bh5 10. g4 Bg6 11. Bg2 Nc5 12. Qd1 a5 13.
Nb3 Nd7 14. Be3 h5 15. h3 a4 16. Nd2 a3 17. b4 f5 18. Bg5 Nf6 19. gxf5 Nxf5 20.
h4 Nd4 21. Rc1 Nh7 22. e3 Nxg5 23. hxg5 Nf5 24. Kf2 Be7 25. Nde4 O-O 26. Qb3 Qd8 27. Bh3 Bxg5 28. Nxg5 Qxg5 29. Ne4 Qh6 30. Rcg1 Ne7 31. Be6+ Kh8 32. Ng5 Rf6 33. e4 Raf8 34. Ke2 Be8 35. Qxa3 Ng6 36. Qe3 Nf4+ 37. Kd2 Rg6 38. Nh3 Rxg1 39.
Rxg1 b6 40. Ng5 Rf6 41. Bf5 g6 42. Be6 Qf8 43. b5 Kg7 44. Bf5 Qe7 45. Ne6+ Nxe6 46.
dxe6 Kh7 47. Qg5 Kg7 48. Qxh5 Rxe6 49. Bxe6 Qxe6 50. Qh4 Qxc4 51. Rh1 Qxa2+ 52. Ke3 Qb3+ 53. Kf2 Qg8 54. Qd8 Bf7 55. Qxc7 Qa8 56. Qxd6 Qa2+ 57. Kg3 Qb2 58. Qd8 Bg8 59. Qxb6 Qd2 60. Qc7+ Bf7 61. Qxe5+ 1-0

[Event "*** Titled Tuesday 3|2 Blitz"]
[Site "Chess.com"]
[Date "2015.02.24"]
[Round "7"]
[White "raskolnnikov"]
[Black "juniortay"]
[Result "1/2-1/2"]
[WhiteElo "2274"]
[BlackElo "2196"]
[TimeControl "180+2"]
[EndTime "12:31:38 PST"]
[Termination "Game drawn by agreement"]

1. d4 Nf6 2. c4 d6 3. Nc3 Nbd7 4.
Nf3 e5 5. e4 Be7 6. Be2 O-O 7.
O-O c6 8. Re1 a6 9. h3 Qc7 10. a4 a5 11. Bg5 Re8 12. Qd2 exd4 13. Nxd4 Nc5 14. Qc2 h6 15. Be3 Bf8 16. Bf3 g6 17.
Nb3 Na6 18. Rad1 Be6 19. Na2 Nd7 20. Rc1 Nb4 21. Nxb4 axb4 22. a5 c5 23. Be2 Ne5 24. f4 Nc6 25. f5 Bc8 26. fxg6 fxg6 27. Qd2 Kh7 28. Ra1 Bg7 29. e5 Nxe5 30. Bf4 Bf5 31. Rad1 Rad8 32. Bf1 Qf7 33. Qd5 Be6 34. Qd2 Nxc4 35.
Bxc4 Bxc4 36. Nc1 d5 37. Rxe8 Rxe8 38. b3 Bb5 39. Bd6 c4 40. Bxb4 cxb3 41. Nxb3 Re2 42. Qxd5 Qxd5 43. Rxd5 Bc6 44. Rd3 Rxg2+ 45. Kf1 Rb2 46.
Re3 Ba4 47. Nc5 Rxb4 48. Re7 Rf4+ 49. Ke2 Bb5+ 50. Ke3 Rf8 51. Rxb7 Re8+ 52. Kd2 Rd8+ 53. Kc1 Bc6 54. Rxg7+ Kxg7 55. Ne6+ Kf6 56. Nxd8 Bd5 57. Kd2 Kg5 58. Ke3 Kh4 59. Kd4 Bg2 60. Nf7 h5 61.
Ne5 Ba8 62. Nxg6+ Kxh3 63. Nf4+ Kg4 64. Nxh5 Kxh5 65. Kc5 Be4 66. Kb6 Kg4 1/2-1/2

[Event "*** Titled Tuesday 3|2 Blitz"]
[Site "Chess.com"]
[Date "2015.02.24"]
[Round "7"]
[White "GasconJR"]
[Black "gumersindo"]
[Result "1-0"]
[WhiteElo "2276"]
[BlackElo "2113"]
[TimeControl "180+2"]
[EndTime "12:31:55 PST"]
[Termination "GasconJR won by resignation"]

1. e4 e5 2. Nf3 Nc6 3. d4 exd4 4.
Nxd4 Nf6 5. Nxc6 bxc6 6. e5 Qe7 7. Qe2 Nd5 8. c4 Ba6 9. Nd2 g6 10. Nf3 Bg7 11. Bg5 Qb4+ 12. Qd2 Qxd2+ 13. Bxd2 Ne7 14.
O-O-O h6 15. h4 O-O-O 16. Be3 Kb7 17. Rd3 Nf5 18. Rb3+ Ka8 19. Bd2 c5 20. g4 Ne7 21.
Bg2 Nc6 22. Be3 Bf8 23. Rd1 Bxc4 24. Rc3 Be6 25. Bxc5 Bxc5 26. Rxc5 Bxg4 27. Rd3 Kb8 28. Nd4 Nxd4 29. Rxd4 Be6 30. Rb4+ Kc8 31. Bb7+ Kb8 32. Ba6+ Ka8 33. Rxc7 Bd5 34. Bb7+ Bxb7 35. Rbxb7 Rc8 36.
Rxa7+ Kb8 37. Rb7+ Ka8 38. Kd2 Rxc7 39. Rxc7 Rd8 40.
Rc5 Kb7 41. b4 Ra8 42. Rc2 Ra4 43. Rb2 Ra3 44. Ke2 Rh3 45. a4 Rxh4 46. Ke3 g5 47. a5 Rf4 48. b5 Ra4 49. a6+ Kb6 50. Kd3 h5 51. Ke3 h4 52. Kf3 Rf4+ 53. Kg2 g4 54. Rd2 Kxb5 55. a7 Ra4 56. Rxd7 Kb6 57. Rxf7 Kc6 58. e6 Kd6 59. e7 Kd7 60. Rf8 h3+ 61. Kh2 Kxe7 62. a8=Q 1-0

[Event "*** Titled Tuesday 3|2 Blitz"]
[Site "Chess.com"]
[Date "2015.02.24"]
[Round "7"]
[White "wonderfultime"]
[Black "Ar4uha"]
[Result "0-1"]
[WhiteElo "2548"]
[BlackElo "2463"]
[TimeControl "180+2"]
[EndTime "12:32:23 PST"]
[Termination "Ar4uha won by resignation"]

1. d4 Nf6 2. c4 e6 3. Nf3 b6 4. a3 Ba6 5. Qc2 Bb7 6. Nc3 c5 7. dxc5 bxc5 8. Bf4 Be7 9. e3 Bxf3 10.
gxf3 Nh5 11. Bg3 Nc6 12. Be2 Qb6 13. Rd1 Rd8 14. f4 Nxg3 15. hxg3 g6 16. Kf1 h5 17. Kg2 d6 18. Bf3 Na5 19. Ne4 Kf8 20. Qc3 Kg8 21. b4 cxb4 22. axb4 Nxc4 23. Qxc4 d5 24. Qc3 dxe4 25. Rxd8+ Qxd8 26. Bxe4 Bf6 27. Qa3 Qb6 28. Rc1 Kg7 29. Rc6 Qb5 30. Qxa7 Qxb4 31. Rxe6 h4 32. Bd5 h3+ 33. Kh2 Qd2 34. e4 Bd4 35. Rxg6+ Kxg6 36. Qxf7+ Kh6 37. Qe6+ Kg7 38. Qe7+ Kh6 39. Qg5+ Kh7 40. Bf7 Qxf2+ 41. Kxh3 Qf1+ 42. Kh4 Qh1+ 43. Kg4 Qh6 44.
e5 Qxg5+ 45. Kxg5 Kg7 46. Bd5 Rh2 47. Kf5 Rf2 48. Be4 Bb2 49. Ke6 Re2 50. Bf3 Re3 51.
Bd5 Rxg3 52. Kf5 Bc1 53. Be4 Rg1 54. Bd3 Rd1 55. Ke4 Re1+ 56. Kf5 Re3 57. Be4 Re2 58. Bf3 Rf2 59. Ke4 Rf1 60. f5 Re1+ 61. Kd5 Bf4 62. f6+ Kg6 63. Be4+ Kf7 64. Kd4 Rd1+ 65. Bd3 Ke6 66. Ke4 Bxe5 67. f7 Kxf7 0-1

[Event "*** Titled Tuesday 3|2 Blitz"]
[Site "Chess.com"]
[Date "2015.02.24"]
[Round "7"]
[White "gawk"]
[Black "kinetix"]
[Result "1-0"]
[WhiteElo "2051"]
[BlackElo "1552"]
[TimeControl "180+2"]
[EndTime "12:32:24 PST"]
[Termination "gawk won on time"]

1. c4 d6 2. g3 e5 3. Bg2 f5 4. d4 Nd7 5. Nc3 Ngf6 6. d5 g6 7.
e4 Bg7 8. Nge2 O-O 9. O-O a5 10. exf5 gxf5 11. f4 Nc5 12. Be3 Ng4 13. Bxc5 dxc5 14.
Qd2 e4 15. Rad1 Qe7 16. h3 Nf6 17. Kh2 Bd7 18. d6 cxd6 19. Qxd6 Rae8 20. Qb6 Bc6 21.
Qxa5 Ra8 22. Qb6 Ra6 23. Qb3 Qc7 24. Nd5 Nxd5 25. cxd5 Ba4 26. Qc4 b5 27. d6+ bxc4 28.
dxc7 Bxd1 29. Rxd1 Rc6 30. g4 Rxc7 31. gxf5 Bxb2 32.
Bxe4 c3 33. Rd6 Ra7 34. Bc2 Kg7 35. Bb3 Re8 36. Re6 Rxe6 37. fxe6 Kf6 38. Kg3 Rg7+ 39.
Kf3 h5 40. Ke3 Rg2 41. Kd3 Rf2 42. Ke3 Rf1 43. f5 Rxf5 44. Nf4 Re5+ 45. Kf3 h4 46. Nd5+ Kxe6 47. Nxc3+ Kf5 48. Bc2+ Kg5 49. Ne4+ Kh6 50. Nf2 Re8 51. Ng4+ Kg5 52. Bb3 Rb8 53. Ne3 Rb4 54. Nd5 Rb8 55. Ne3 Kf6 56. Kg4 Re8 57. Nc4 Re4+ 58.
Kh5 Rd4 59. Nxb2 Ke5 60. Nc4+ Kf4 61. Kxh4 Kf5+ 62. Kg3 Kg5 63. Ne3 Rb4 64. Bc4 Ra4 65. h4+ Kh5 66. Bf7+ Kh6 67. Bb3 Ra3 68. Kg4 Ra8 69.
Nf5+ Kg6 70. h5+ Kf6 71. h6 Rh8 72. Bc4 Ke5 73. Kg5 1-0

[Event "*** Titled Tuesday 3|2 Blitz"]
[Site "Chess.com"]
[Date "2015.02.24"]
[Round "7"]
[White "jup1978"]
[Black "190l"]
[Result "1-0"]
[WhiteElo "2164"]
[BlackElo "1990"]
[TimeControl "180+2"]
[EndTime "12:32:29 PST"]
[Termination "jup1978 won by checkmate"]

1. e4 c5 2. Nf3 Nc6 3. Bb5 Qb6 4.
Nc3 e6 5. O-O Nge7 6. Re1 a6 7.
Bf1 d6 8. d3 g6 9. Rb1 Bg7 10.
Be3 Nd4 11. g3 O-O 12. Bg2 Qa5 13. a3 b5 14. Ne2 e5 15. c3 Nxf3+ 16. Bxf3 b4 17. axb4 cxb4 18. d4 exd4 19. Bxd4 bxc3 20. Bxg7 Kxg7 21. Qxd6 c2 22. Rbc1 Re8 23. Qd3 Nc6 24. Qxc2 Ne5 25. Bg2 Be6 26. Nd4 Bc4 27. f4 Nd3 28. Qxc4 Nxe1 29. b4 Qb6 30. Rxe1 Rad8 31. Rd1 Re7 32. Kf2 Red7 33. Ke3 Rc7 34. Qb3 a5 35. b5 a4 36. Qb2 Rc4 37. Bf1 a3 38. Qa1 Rb4 39. Kf3 f6 40. Nc6 Rxd1 41. Qxd1 a2 42.
Nxb4 Qc5 43. Nxa2 Qa3+ 44. Qd3 Qxa2 45. Be2 Qb2 46. Kf2 h5 47. f5 g5 48. h4 g4 49.
Ke3 Qc1+ 50. Qd2 Qg1+ 51. Kd3 Qxg3+ 52. Qe3 Qxh4 53. b6 Qh2 54. Qc5 Qh1 55. Qc7+ Kh6 56. b7 Qb1+ 57. Ke3 Qb3+ 58. Bd3 Qd1 59. Qf4+ Kg7 60.
b8=Q Qc1+ 61. Kd4 Qa1+ 62. Kd5 Qa2+ 63. Kc6 Qa4+ 64. Kc7 Qa5+ 65. Kc8 Qc5+ 66. Qbc7+ Kh8 67. Qxc5 g3 68. Qh6+ Kg8 69. Qcf8# 1-0

[Event "*** Titled Tuesday 3|2 Blitz"]
[Site "Chess.com"]
[Date "2015.02.24"]
[Round "7"]
[White "AUSSIE_PINOY"]
[Black "FabianEnglert"]
[Result "0-1"]
[WhiteElo "2348"]
[BlackElo "2251"]
[TimeControl "180+2"]
[EndTime "12:32:47 PST"]
[Termination "FabianEnglert won by resignation"]

1. d4 d5 2. Nf3 c6 3. c4 dxc4 4. Nc3 e6 5. e4 b5 6. a4 a6 7. d5 exd5 8. exd5 b4 9. Bxc4 bxc3 10. O-O cxd5 11. Bxd5 Ra7 12. Re1+ Be7 13. Qb3 Be6 14. Bxe6 fxe6 15. Qxe6 Nf6 16. Ng5 Rf8 17. bxc3 Qd7 18.
Qe2 Nc6 19. Ne6 Rf7 20. Rd1 Qc8 21. Bf4 h6 22. h3 Nd7 23. Bg3 Rb7 24. Rd3 Nde5 25.
Bxe5 Qxe6 26. Re3 Nxe5 27. Rxe5 Qf6 28. Re1 Kf8 29. f3 Rc7 30. Qd3 Bc5+ 31. Kh1 Kg8 32. Re8+ Bf8 33. R8e6 Qf4 34. R1e4 Qc1+ 35. Kh2 Rxc3 36.
Qd8 Rc8 37. Qd5 Qc7+ 38. f4 Qc5 39. Qd3 Qf5 40. Qxa6 Rc1 41. Qe2 Qc5 42. h4 Qg1+ 43.
Kh3 Rc3+ 44. Re3 Rxe3+ 45. Qxe3 Qxe3+ 46. Rxe3 Rxf4 47. Re8 Rxa4 48. g4 Ra3+ 49. Kg2 Kf7 50. Rb8 Be7 51. Rb7 Re3 52. Ra7 Rd3 53. Rb7 g5 54. h5 Re3 55. Rb6 Re6 56. Rb7 Kf6 57. Ra7 Ke5 58. Kf3 Kf6 59. Ra5 Bd6 60. Rf5+ Kg7 61.
Rb5 Re7 62. Rb6 Bf4 63. Rg6+ Kh7 64. Ra6 Re3+ 65. Kf2 Rg3 66. Ra7+ Kg8 67. Ra8+ Kf7 68. Ra7+ Ke6 69. Ra6+ Bd6 70. Ra4 Rb3 71. Re4+ Kf6 72. Ra4 Rb4 0-1

[Event "*** Titled Tuesday 3|2 Blitz"]
[Site "Chess.com"]
[Date "2015.02.24"]
[Round "7"]
[White "IMRosen"]
[Black "Zvonokchess"]
[Result "0-1"]
[WhiteElo "2062"]
[BlackElo "2477"]
[TimeControl "180+2"]
[EndTime "12:33:02 PST"]
[Termination "Zvonokchess won by resignation"]

1. c4 c5 2. Nf3 g6 3. Nc3 Nf6 4. d4 cxd4 5. Nxd4 d5 6. Bg5 Bg7 7. Bxf6 Bxf6 8. Nxd5 Bg7 9. e3 Nc6 10. Nxc6 bxc6 11. Nc3 Qa5 12. Qc2 Rb8 13. Rc1 Bf5 14. e4 Be6 15. Be2 O-O 16. O-O Rfd8 17. Rfd1 Bd4 18. Na4 Rd7 19. b3 Rbd8 20. Rd3 Qe5 21.
Rcd1 Qxe4 22. Bf3 Qf4 23. g3 Qc7 24. Qe2 Bf5 25. R3d2 h5 26. Kg2 Rd6 27. h4 Qd7 28. c5 Bh3+ 29. Kh2 Bxc5 30. Nxc5 Rxd2 31. Rxd2 Qxd2 32. Kxh3 Qxe2 33. Bxe2 Rd2 34. Bf3 Rxf2 35. Bxc6 Rxa2 36. b4 Rc2 37. Bd5 a5 38. Nd3 Rc3 39.
Nf4 axb4 40. Ne2 Rc2 41. Nd4 Rd2 42. Nc6 Rb2 43. g4 hxg4+ 44. Kxg4 Kf8 45. Kf3 b3 46. Ke3 Rb1 47. Kd2 b2 48. Kc2 Rd1 49. Kxb2 Rxd5 50.
Kb3 Rh5 51. Kb4 Rxh4+ 52. Kc3 g5 53. Kd3 g4 54. Ke3 Rh6 55. Nd4 Rg6 56. Kf2 g3+ 57. Kg2 e6 58. Nc6 Rg5 59. Nb8 Ke7 60. Nc6+ Kf6 61. Nd4 Rg8 62. Ne2 Ke5 63. Nc1 f5 64. Nd3+ Kf6 65. Nb4 e5 66. Nd5+ Ke6 67. Nc7+ Kd6 68.
Nb5+ Kd5 69. Nc3+ Kd4 70. Ne2+ Ke3 71. Nc3 f4 72. Nd5+ Ke2 73. Nc3+ Kd3 74. Nd5 Rg7 75.
Nb4+ Ke2 76. Nd5 f3+ 0-1

[Event "*** Titled Tuesday 3|2 Blitz"]
[Site "Chess.com"]
[Date "2015.02.24"]
[Round "7"]
[White "BjarkeSahl"]
[Black "FlySooHigh"]
[Result "0-1"]
[WhiteElo "2133"]
[BlackElo "2332"]
[TimeControl "180+2"]
[EndTime "12:33:04 PST"]
[Termination "FlySooHigh won by resignation"]

1. e4 d5 2. exd5 Nf6 3. d4 Nxd5 4. c4 Nb6 5. h3 e5 6. d5 c6 7. Nc3 Bb4 8. Bd2 cxd5 9. Nxd5 Bxd2+ 10. Qxd2 O-O 11. Nf3 e4 12. Ne5 Re8 13. Ng4 Nxd5 14. cxd5 f5 15. Nh2 Nd7 16. O-O-O Ne5 17. Kb1 Qd6 18.
f4 Ng6 19. g3 Bd7 20. Be2 Rec8 21. Nf1 Rc5 22. Ne3 Rac8 23. Rc1 Ne7 24. Rxc5 Rxc5 25.
Rc1 Rxc1+ 26. Kxc1 Qc5+ 27. Qc3 Qxc3+ 28. bxc3 Nc8 29. c4 b6 30. Kd2 Kf8 31. Kc3 Ke7 32.
Kd4 Kd6 33. g4 g6 34. g5 Ba4 35. h4 Ne7 36. h5 Bd7 37. h6 Be8 38. Bf1 Bd7 39. Bh3 Be8 40. Bf1 Bf7 41. Be2 Be8 42.
Bd1 Bd7 43. Bc2 Be8 44. Bb3 Bd7 45. Nd1 Be8 46. Nc3 Nc8 47. Ba4 Bxa4 48. Nxa4 Ne7 49. Nc3 a6 50. a4 Nc8 51. a5 bxa5 52. c5+ Kd7 53. Na4 Na7 54. Ke5 Nb5 55. Nb2 e3 56. c6+ Kc7 57. Ke6 e2 58. Nd3 a4 59. Kf7 a3 60. Kg8 a2 61. Kxh7 a1=Q 62. Kg8 e1=Q 63.
Nxe1 Qxe1 64. h7 Qe8+ 65. Kg7 Nc3 66. h8=Q Qxh8+ 67. Kxh8 Nxd5 68. Kg7 Nxf4 0-1

[Event "*** Titled Tuesday 3|2 Blitz"]
[Site "Chess.com"]
[Date "2015.02.24"]
[Round "7"]
[White "petrpalachev"]
[Black "lukas_111111"]
[Result "0-1"]
[WhiteElo "2378"]
[BlackElo "2162"]
[TimeControl "180+2"]
[EndTime "12:35:00 PST"]
[Termination "lukas_111111 won by resignation"]

1. d4 Nf6 2. c4 g6 3. Nc3 d5 4.
cxd5 Nxd5 5. e4 Nxc3 6. bxc3 Bg7 7. Bc4 O-O 8. Ne2 c5 9. O-O Nc6 10. Be3 b6 11. Qd2 Bb7 12. Rfd1 Rc8 13. Rac1 e6 14.
Bg5 Bf6 15. Bxf6 Qxf6 16. Qe3 e5 17. Bd5 cxd4 18. cxd4 exd4 19. Nxd4 Nxd4 20. Bxb7 Rxc1 21. Rxc1 Ne6 22. Bd5 Nf4 23. Bb3 Re8 24. g3 Ne6 25. Bd5 Re7 26. Kg2 Kg7 27. Rc2 Nd4 28. Rd2 Ne6 29.
h4 h5 30. Rc2 Nc5 31. Qf3 Qe5 32. Rc4 Qd6 33. Qc3+ Qe5 34. Qxe5+ Rxe5 35. f4 Re7 36. Kf3 f6 37. Rc3 Rd7 38. Rc1 f5 39. Rc3 fxe4+ 40. Bxe4 Rd2 41. a3 Kf6 42. Bc6 Rd6 43. Bb5 Rd2 44. Bc4 Rd4 45. Bb5 Rd1 46. Re3 Ne6 47. Bc4 Nd4+ 48. Kg2 Rd2+ 49. Kh3 Rc2 50. Bb3 Rb2 51.
Bd5 a5 52. g4 hxg4+ 53. Kxg4 Rh2 54. Rc3 b5 55. Rc8 Nf5 56. Rc6+ Kg7 57. Rc7+ Kh6 58. Bg8 Rxh4+ 59. Kf3 Rh3+ 60. Kg2 Rg3+ 61. Kf2 Kh5 62.
Rc5 Rxa3 63. Rxb5 Kg4 64. Bf7 Ra2+ 65. Ke1 Kxf4 66. Bxg6 Nd4 67. Rd5 Nf3+ 68. Kd1 Rg2 69. Be8 Ke4 70. Bc6 Rg1+ 71. Kc2 Nd4+ 72. Kc3 Nxc6 73. Rd6 Rc1+ 74. Kb3 Rc5 75. Rd1 Rb5+ 76. Ka4 Rb4+ 77. Ka3 Nd4 78. Rc1 Nb5+ 79. Ka2 Kd5 80. Rd1+ Rd4 81. Rc1 Rc4 82. Rd1+ Kc5 83. Rh1 Kb4 84. Rb1+ Ka4 85. Rh1 Rc2+ 86. Kb1 Rd2 87.
Ka1 Kb3 88. Rb1+ Ka4 89. Rh1 Rd4 90. Rc1 Na3 91. Rc3 Kb4 92. Rb3+ Ka4 93. Rb8 Rd1+ 94. Ka2 Rd2+ 95. Ka1 Nc2+ 96. Kb2 Nb4+ 97. Ka1 Kb3 0-1

[Event "*** Titled Tuesday 3|2 Blitz"]
[Site "Chess.com"]
[Date "2015.02.24"]
[Round "8"]
[White "190l"]
[Black "AndreyOstrovskiy"]
[Result "0-1"]
[WhiteElo "1988"]
[BlackElo "2338"]
[TimeControl "180+2"]
[EndTime "12:38:12 PST"]
[Termination "AndreyOstrovskiy won by resignation"]

1. d4 Nf6 2. c4 e6 3. Nc3 Bb4 4.
Qc2 O-O 5. a3 Bxc3+ 6. Qxc3 d6 7.
Bg5 Nbd7 8. f3 Re8 9. e4 e5 10. d5 a5 11. b4 Nxe4 12. Bxd8 Nxc3 13. Bxc7 axb4 14. Bxd6 b3 15. Bd3 b2 16. Rb1 Nxb1 17.
Bxb1 Nb6 0-1

[Event "*** Titled Tuesday 3|2 Blitz"]
[Site "Chess.com"]
[Date "2015.02.24"]
[Round "8"]
[White "Argente"]
[Black "PauloCesarCosta"]
[Result "1/2-1/2"]
[WhiteElo "2195"]
[BlackElo "2066"]
[TimeControl "180+2"]
[EndTime "12:38:14 PST"]
[Termination "Game drawn by agreement"]

1. d4 d5 2. Nf3 c6 3. Bf4 Qb6 4.
Qc1 Bf5 5. e3 Nd7 6. c4 dxc4 7.
Bxc4 e6 8. O-O Ngf6 9. Nc3 Be7 10.
Re1 Ne4 11. Nxe4 Bxe4 12. Nd2 Bg6 13. a3 O-O 14. Qc3 Rfe8 15. Rac1 Bf6 16. Qb3 Qxb3 17. Nxb3 e5 18. dxe5 Nxe5 1/2-1/2

[Event "*** Titled Tuesday 3|2 Blitz"]
[Site "Chess.com"]
[Date "2015.02.24"]
[Round "8"]
[White "gumersindo"]
[Black "AUSSIE_PINOY"]
[Result "0-1"]
[WhiteElo "2110"]
[BlackElo "2351"]
[TimeControl "180+2"]
[EndTime "12:38:41 PST"]
[Termination "AUSSIE_PINOY won by checkmate"]

1. d4 c5 2. d5 d6 3. c4 b5 4.
cxb5 a6 5. bxa6 Bxa6 6. Nc3 Nf6 7.
g3 g6 8. Bg2 Bg7 9. Nf3 O-O 10. Rb1 Nbd7 11. b3 Ng4 12. Bd2 Qa5 13. Qc2 Rfb8 14. a4 c4 15. Nb5 Qb6 16. bxc4 Qxf2+ 17. Kd1 Qxg2 18. Nh4 Qxh1+ 19. Be1 Ne3+ 20. Kd2 Nxc2 21. Rb2 Qxe1+ 22. Kd3 Nb4+ 23. Rxb4 Qxb4 24. e4 Nc5+ 25. Ke2 Qxc4+ 26. Kf2 Bxb5 27. axb5 Ra2+ 28. Kg1 Qc1# 0-1

[Event "*** Titled Tuesday 3|2 Blitz"]
[Site "Chess.com"]
[Date "2015.02.24"]
[Round "8"]
[White "Aragon"]
[Black "SuPeR_Fm"]
[Result "0-1"]
[WhiteElo "2033"]
[BlackElo "2311"]
[TimeControl "180+2"]
[EndTime "12:40:06 PST"]
[Termination "SuPeR_Fm won by resignation"]

1. e4 e6 2. c4 d5 3. cxd5 exd5 4.
Qb3 dxe4 5. Bc4 Qe7 6. Nc3 Nf6 7. d3 Nc6 8. Be3 Ne5 9. O-O-O Nxc4 10. Qxc4 c6 11.
dxe4 Be6 12. Qe2 Qb4 13. Rd4 Qa5 14. Ra4 Qc7 15. f4 b5 16. Rd4 Bc5 17. Rd1 Bxe3+ 18. Qxe3 O-O 19. h3 b4 20. Nce2 Bxa2 21. g4 Rfe8 22. Ng3 Bd5 23. Nf3 Nxe4 24. Nxe4 Rxe4 25. Qd2 Rc4+ 0-1

[Event "*** Titled Tuesday 3|2 Blitz"]
[Site "Chess.com"]
[Date "2015.02.24"]
[Round "8"]
[White "chito89"]
[Black "jup1978"]
[Result "1-0"]
[WhiteElo "2581"]
[BlackElo "2162"]
[TimeControl "180+2"]
[EndTime "12:40:09 PST"]
[Termination "chito89 won by resignation"]

1. e4 e5 2. Nf3 Nc6 3. Bb5 Bc5 4.
O-O Nd4 5. Nxd4 Bxd4 6. c3 Bb6 7. d4 c6 8. Bc4 d6 9. Be3 Nf6 10. Nd2 O-O 11. h3 exd4 12. Bxd4 Bxd4 13. cxd4 Nxe4 14. Nxe4 d5 15. Nd2 dxc4 16. Nxc4 Be6 17. Ne3 Re8 18. Qa4 Qb6 19. Rfd1 Rad8 20. Rd2 Rd7 21. d5 cxd5 22. Rad1 Red8 23. Rd4 h6 24. R1d2 Qc6 25. Qxa7 b6 26. Qa3 Ra8 27. Qb3 Rda7 28. a3 Re8 29. f4 Rae7 30.
f5 Bxf5 31. Nxf5 Re1+ 32. Kh2 Qc7+ 33. Qg3 1-0